AoeStats
← Jokerwin

MegaRandom

504877943Analyzed
4v4 RM · 25d ago on Sep 6, 2026· 73m 2s· 8 players
Game mode
Random Map
Map size
Large (8 player)
Population
200
Speed
Normal
Resources
Standard
Victory
Conquest
Starting age
Dark Age
Ending age
Imperial Age
RankedLock teamsTeams togetherTeam positionsShared explorationLock speedFull tech treeHidden civsTurbo modeCheats
Victory
Defeat
🇦🇷 Mongols · Argentina
1292
+15
🇺🇸 Muisca · United States
1269
+16
🇦🇷 Maya · Argentina
1259
+16
1236
+17
🇸🇰 Cumans · Slovakia
1324
-17
🇩🇪 Celts · Germany
1302
-18
🇷🇺 Mapuche · Russia
1242
-15
🇸🇻 Japanese · El Salvador
1205
-14
Isengard
0:41 Loom
17:50 Feudal Age
18:15 Champi Runner
20:59 Forging
20:49 Scale Mail Armor
22:02 Wheelbarrow
27:41 Castle Age
28:43 Chain Mail Armor
29:03 Iron Casting
27:50 Champi Warrior
28:31 Squires
28:34 Double-Bit Axe
28:29 Horse Collar
28:41 Gold Mining
28:45 Stone Mining
28:41 Horse Collar
32:52 Town Watch
35:38 Imperial Age
35:10 Bow Saw
35:02 Heavy Plow
36:53 Plate Mail Armor
37:11 Hand Cart
38:02 Two-Man Saw
37:34 Crop Rotation
36:37 Elite Champi Warrior
38:45 Ballistics
39:26 Chemistry
38:17 Fletching
38:27 Padded Archer Armor
39:24 Town Watch
39:47 Bodkin Arrow
40:56 Bracer
45:02 Herbalism
45:42 Town Patrol
51:38 Elite Temple Guard
55:17 Pikeman
56:13 Leather Archer Armor
66:26 Elite Skirmisher
67:11 Thumb Ring
weaking
0:26 Loom
10:11 Feudal Age
14:10 Double-Bit Axe
16:43 Fletching
19:56 Wheelbarrow
24:35 Castle Age
22:50 Gold Mining
25:48 Crossbowman
26:24 Bodkin Arrow
27:32 Padded Archer Armor
30:34 Bow Saw
30:48 Leather Archer Armor
34:52 Imperial Age
32:43 Stone Mining
33:54 Ballistics
Si me criticas te fedeo
0:36 Loom
10:54 Feudal Age
12:17 Wheelbarrow
11:25 Horse Collar
11:32 Double-Bit Axe
18:13 Castle Age
21:22 Fletching
21:57 Town Watch
23:33 Bow Saw
29:07 Gold Mining
30:14 Hand Cart
30:09 Heavy Plow
31:49 Stone Mining
36:03 Imperial Age
35:53 Scale Barding Armor
36:08 Treadmill Crane
37:01 Chain Barding Armor
36:46 Corvinian Army
39:53 Imperial Age
Jokerwin
10:48 Feudal Age
11:52 Loom
14:40 Forging
14:36 Scale Barding Armor
23:51 Castle Age
22:00 Double-Bit Axe
22:05 Horse Collar
24:03 Stone Mining
24:47 Bow Saw
25:15 Wheelbarrow
24:42 Heavy Plow
25:28 Stone Shaft Mining
30:26 Gold Mining
33:18 Gold Shaft Mining
38:33 Hand Cart
41:30 Imperial Age
39:37 Iron Casting
39:23 Chain Barding Armor
39:49 Fletching
40:22 Ballistics
42:19 Bodkin Arrow
42:52 Conscription
43:58 Chemistry
44:42 Bracer
45:07 Onager
47:28 Bloodlines
48:26 Blast Furnace
47:57 Town Watch
58:29 Light Cavalry
59:10 Husbandry
59:12 Hussar
60:02 Elite Steppe Lancer
62:15 Town Patrol
65:08 Heavy Camel Rider
smurfik
0:37 Loom
12:08 Feudal Age
13:46 Double-Bit Axe
16:20 Town Watch
18:24 Horse Collar
20:45 Wheelbarrow
20:59 Scale Barding Armor
pirate.king7
0:36 Loom
12:42 Feudal Age
16:43 Castle Age
15:53 Scale Mail Armor
16:03 Forging
17:57 Pikeman
19:09 Double-Bit Axe
19:09 Horse Collar
20:25 Man-at-Arms
Yaoces
0:34 Loom
10:33 Feudal Age
11:00 Man-at-Arms
15:53 Fletching
Dakt
9:15 Loom
11:57 Feudal Age
12:23 Double-Bit Axe
18:59 Castle Age
20:02 Fletching
20:19 Padded Archer Armor
20:54 Bow Saw
21:46 Gold Mining
24:08 Gold Shaft Mining
23:16 Horse Collar
28:25 Malon
29:05 Bodkin Arrow
30:50 Ballistics
30:05 Elite Skirmisher
32:14 Leather Archer Armor
34:54 Wheelbarrow
38:58 Imperial Age
39:47 Butalmapu
40:02 Conscription
40:45 Chemistry
39:17 Elite Bolas Rider
39:50 Elite Kona
41:52 Ring Archer Armor
41:33 Forging
41:54 Hand Cart
42:57 Town Watch
43:49 Town Patrol
47:56 Iron Casting
Connection lost

Rejoining the realm…

Still unreachable

The connection could not be restored.

Session expired

The server has moved on; the page needs a fresh start.